AoeStats
← Daniel

Oasis

507980010Analyzed
3v3 RM · 12d ago on Sep 20, 2026· 19m 53s· 6 players
Game mode
Random Map
Map size
Normal (6 player)
Population
200
Speed
Normal
Resources
Standard
Victory
Conquest
Starting age
Dark Age
Ending age
Imperial Age
RankedLock teamsTeams togetherTeam positionsShared explorationLock speedFull tech treeHidden civsTurbo modeCheats
Victory
Defeat
🇹🇷 Inca · Türkiye
1010
+17
🇹🇷 Goths · Türkiye
1003
+17
🇹🇷 Vikings · Türkiye
995
+18
🇻🇳 Gurjaras · Vietnam
1068
-20
🇨🇴 Portuguese · Colombia
1010
-16
🇨🇳 Vietnamese · China
1010
-16
dmankey
8:35 Loom
10:37 Feudal Age
11:20 Double-Bit Axe
16:12 Castle Age
14:49 Gold Mining
Daniel
11:19 Feudal Age
16:04 Castle Age
13:47 Horse Collar
15:24 Double-Bit Axe
16:42 Loom
品哥揍老外
12:46 Feudal Age
13:47 Double-Bit Axe
13:43 Horse Collar
18:01 Stone Mining
76561198089966853
11:37 Feudal Age
12:22 Double-Bit Axe
13:54 Wheelbarrow
14:35 Horse Collar
22:11 Castle Age
seyyarvatandas
10:24 Loom
12:12 Feudal Age
14:51 Double-Bit Axe
14:49 Horse Collar
17:12 Castle Age
15:10 Stone Mining
19:10 Bow Saw
rabbuke
0:25 Loom
11:08 Feudal Age
12:06 Horse Collar
12:12 Double-Bit Axe
17:12 Castle Age
17:05 Stone Mining
Connection lost

Rejoining the realm…

Still unreachable

The connection could not be restored.

Session expired

The server has moved on; the page needs a fresh start.